Map: Dusk Towers

Players

FUNB

  • Race: Terran Terran

Soundwave - Winner!

  • Race: Zerg Zerg

VOD

Have the link to the VOD?

Description

Time

  • Played on: Nov. 17, 2015, 11:04 a.m.
  • Length: 22:18
Show
View Real Time Build Order
Export as new Build Order

FUNB Terran 

Build Orders: MMM Bio 

Get SALT Encoding   

  12  0:01  SCV  
  13  0:16  Supply Depot  
  13  0:18  SCV  
  14  0:31  SCV  
  15  0:39  Barracks  
  15  0:43  SCV  
  15  0:47  Refinery  
  16  0:55  SCV  
  17  1:23  Command Center  
  17  1:26  Marine  
  18  1:36  Supply Depot  
  18  1:40  SCV  
  19  1:52  Barracks Reactor  
  19  1:55  SCV  
  20  2:07  SCV  
  21  2:10  Factory  
  21  2:20  Orbital Command  
  21  2:29  Marine x2  
  23  2:41  Orbital Command  
  23  2:48  SCV  
  24  3:00  SCV, Refinery  
  24  3:03  Barracks Tech Lab  
  25  3:06  Barracks  
  29  3:13  Hellion x2  
  29  3:22  SCV x2  
  31  3:32  Stimpack  
  31  3:34  SCV x2  
  33  3:44  Hellion x2  
  33  3:46  SCV  
  38  3:55  Bunker  
  38  3:56  SCV  
  38  3:58  SCV  
  40  4:04  Supply Depot  
  40  4:05  Barracks Reactor  
  40  4:13  Orbital Command  
  40  4:18  Widow Mine  
  40  4:20  Widow Mine  
  40  4:21  Command Center  
  40  4:23  Marine  
  45  4:29  Bunker  
  45  4:31  SCV  
  44  4:43  SCV  
  45  4:46  Barracks  
  45  4:48  SCV  
  45  4:50  Barracks  
  46  5:00  SCV  
  46  5:01  Supply Depot  
  46  5:03  Engineering Bay  
  47  5:12  SCV, Refinery  
  47  5:14  Marine x2  
  48  5:18  Widow Mine  
  48  5:19  Widow Mine  
  54  5:24  SCV  
  54  5:25  SCV  
  56  5:33  Orbital Command  
  56  5:35  Combat Shields  
  56  5:37  Barracks Reactor, SCV  
  56  5:38  Barracks Reactor  
  56  5:39  Terran Infantry Weapons Level 1  
  57  5:58  Missile Turret, Marine x2  
  57  6:00  Marine  
  57  6:02  SCV  
  61  6:14  Marine x4  
  61  6:15  Orbital Command  
  61  6:16  Marine x2  
  61  6:18  Bunker, Marine  
  68  6:26  SCV  
  68  6:29  SCV  
  68  6:30  Starport  
  68  6:31  Refinery  
  68  6:32  Marine x4  
  73  6:33  Supply Depot, Refinery  
  73  6:34  Marine x2  
  73  6:38  SCV, Missile Turret  
  77  6:42  Supply Depot x2  
  77  6:55  SCV x3, Marauder  
  82  7:04  Marine x6  
  82  7:07  SCV x3  
  91  7:08  Starport Reactor  
  91  7:19  SCV x2  
  91  7:22  SCV  
  94  7:28  Marauder, Marine x2  
  94  7:29  Marine x3  
  101  7:34  Refinery  
  101  7:39  SCV x2, Supply Depot, Marine  
  101  7:40  Supply Depot  
  101  7:42  Missile Turret  
  104  7:45  Supply Depot  
  104  7:47  Supply Depot  
  104  7:49  Medivac  
  104  7:50  Medivac  
  108  7:51  SCV  
  109  8:01  SCV  
  109  8:04  Missile Turret  
  110  8:13  SCV  
  111  8:25  SCV  
  112  8:36  Marine x4  
  112  8:37  SCV, Marauder, Marine x2  
  112  8:38  Terran Infantry Armor Level 1  
  121  8:42  Armory  
  121  8:43  SCV  
  121  8:44  Engineering Bay  
  121  8:46  Supply Depot  
  121  8:48  Supply Depot  
  122  8:49  SCV  
  122  8:55  Supply Depot, SCV  
  124  8:59  Barracks, Medivac x2  
  124  9:00  Barracks  
  124  9:01  SCV  
  124  9:02  Barracks  
  129  9:08  Supply Depot  
  129  9:13  SCV  
  130  9:26  SCV  
  129  9:36  Marauder, Marine x2  
  129  9:37  Marine x2  
  129  9:38  SCV, Widow Mine x2, Marine x2  
  137  9:40  SCV  
  137  9:43  Supply Depot  
  142  9:50  SCV  
  143  10:15  Supply Depot  
  143  10:16  Barracks Tech Lab x2  
  143  10:17  Barracks Reactor  
  143  10:18  Supply Depot, Marauder, Marine x3  
  143  10:19  Widow Mine x2, Marine x3  
  155  10:23  Command Center  
  155  10:24  Supply Depot  
  155  10:27  Terran Vehicle Weapons Level 1  
  155  10:28  Terran Infantry Weapons Level 2  
  155  10:31  Supply Depot  
  155  10:32  Terran Infantry Armor Level 2  
  155  10:38  Medivac  
  155  10:41  Medivac  
  159  10:43  SCV  
  159  10:48  Widow Mine  
  162  10:54  Supply Depot  
  162  10:57  Supply Depot  
  162  11:01  Marauder x2  
  162  11:02  Marauder  
  168  11:20  SCV  
  168  11:22  Marauder  
  168  11:23  Marauder  
  168  11:24  Marauder  
  175  11:36  SCV  
  175  11:39  Command Center  
  174  11:41  Marine x3  
  174  11:42  Marine x4  
  174  11:43  Marine  
  174  11:44  Marauder x2  
  174  11:45  Medivac, Marauder  
  185  11:48  SCV  
  186  11:59  Marine x3  
  189  12:05  Marauder  
  189  12:06  Marauder  
  189  12:07  SCV, Marauder  
  196  12:10  Orbital Command  
  196  12:13  Marine x4  
  200  12:19  SCV  
  189  12:27  Marauder x2  
  189  12:28  Marauder  
  174  12:30  Marine x3  
  174  12:31  Marine x3  
  174  12:35  Marine  
  144  12:39  Planetary Fortress  
  120  12:48  Marauder x2  
  120  12:49  Marauder  
  126  12:55  Marine x2  
  126  12:56  Marine  
  102  13:06  Bunker  
  102  13:09  Marauder  
  102  13:10  Bunker, Marauder  
  102  13:11  Marauder  
  108  13:21  SCV  
  108  13:22  Marine x2  
  108  13:23  Marine x2  
  113  13:31  Marauder x2  
  113  13:32  Marauder  
  113  13:33  SCV  
  120  13:37  SCV  
  120  13:39  Bunker  
  120  13:40  Marine  
  120  13:41  Bunker, Marine x4  
  123  13:42  Marine  
  123  13:44  Marine  
  123  13:45  SCV  
  129  13:49  SCV  
  129  13:52  SCV, Marauder x2  
  129  13:54  Marauder  
  137  13:57  Command Center, SCV  
  137  14:01  SCV  
  139  14:03  Medivac  
  139  14:04  Medivac  
  139  14:09  SCV  
  144  14:13  SCV  
  144  14:14  Marauder x2  
  144  14:15  Marauder  
  150  14:21  Marine x6  
  150  14:22  Marine x2  
  157  14:25  SCV  
  157  14:26  Hellbat x2  
  157  14:35  Marauder x2  
  132  14:38  Marine  
  132  14:39  Marine x3  
  132  14:44  Marine x2  
  132  14:45  Marine x3  
  129  14:46  SCV  
  129  14:51  SCV, Refinery  
  131  14:56  Marine x3  
  131  14:58  SCV  
  135  15:01  SCV  
  135  15:02  Terran Infantry Weapons Level 3  
  135  15:03  SCV, Terran Vehicle And Ship Armor Level 1  
  135  15:04  Terran Infantry Armor Level 3  
  135  15:05  Marine x5  
  135  15:06  Marine x3  
  145  15:11  SCV, Planetary Fortress  
  145  15:14  Marine  
  147  15:15  SCV  
  148  15:21  Marine x2  
  148  15:23  SCV, Marine x4  
  148  15:27  SCV  
  156  15:35  SCV, Orbital Command  
  157  15:39  SCV  
  157  15:40  Factory  
  157  15:42  Hellbat x2  
  162  15:45  Marine x5  
  162  15:46  Marauder, Marine  
  162  15:47  SCV  
  162  15:48  Marine x2  
  173  15:51  SCV  
  174  16:04  SCV  
  175  16:16  SCV  
  176  16:20  Marine x2, Medivac x2, Hellbat x2  
  176  16:21  Marine x4  
  176  16:22  Marauder, Marine x2  
  176  16:23  Marauder x2  
  198  16:28  SCV, Barracks x2  
  199  16:40  SCV  
  200  17:15  Command Center  
  200  17:17  Command Center  
  200  17:18  Command Center  
  200  17:19  Refinery  
  200  17:23  Refinery  
  167  17:40  Marine x4  
  167  17:41  Marauder x2, Marine x4  
  167  17:42  Marauder  
  109  17:51  Widow Mine x2  
  94  17:58  Marine x4  
  99  17:59  Marine x5  
  99  18:03  Marauder x3  
  112  18:14  Marine  
  112  18:16  Reaper x2, Marine x2  
  112  18:17  Reaper, Marine  
  112  18:19  Widow Mine  
  108  18:20  Widow Mine  
  108  18:24  Marauder x3  
  108  18:26  Factory  
  108  18:28  Orbital Command  
  108  18:32  Planetary Fortress  
  108  18:33  Planetary Fortress, Factory  
  55  18:45  Marauder  
  55  18:48  Widow Mine x2  
  55  18:50  Barracks  
  59  18:59  Armory  
  57  19:05  Marine x3  
  57  19:06  Marine x3, Marauder x2  
  57  19:07  Marauder  
  65  19:20  Factory Tech Lab x2  
  56  19:26  Factory  
  56  19:27  Marauder x2  
  51  19:36  SCV  
  51  19:37  SCV x2  
  49  19:43  Siege Tank  
  48  19:46  Cyclone  
  48  19:49  SCV x3  
  48  19:50  Factory  
  50  20:05  SCV  
  50  20:06  SCV x2  
  53  20:14  Supply Depot  
  53  20:15  Siege Tank  
  49  20:26  Barracks Tech Lab  
  45  20:39  Factory Tech Lab, Siege Tank  
  48  20:46  Marauder  
  48  20:47  Siege Tank  
  48  20:48  Factory Tech Lab  
  53  21:01  Supply Depot  
  53  21:02  Cyclone  
  53  21:03  Supply Depot  
  56  21:11  Siege Tank  
  59  21:19  Siege Tank  
  59  21:22  SCV  
  59  21:23  SCV  
  64  21:34  Cyclone  
  64  21:36  Marine  
  57  21:43  Siege Tank  
  57  21:46  Siege Tank  
Show
View Real Time Build Order
Export as new Build Order

Soundwave Zerg - Winner!

Build Orders: Hatch First, Lurkers 

Get SALT Encoding   

  12  0:01  Drone  
  13  0:12  Drone  
  14  0:18  Drone, Extractor  
  15  0:48  Hatchery  
  14  0:57  Drone, Extractor  
  13  1:01  Spawning Pool  
  14  1:05  Overlord  
  14  1:17  Drone, Extractor  
  14  1:25  Drone x2  
  16  1:29  Drone  
  17  1:50  Queen  
  17  1:52  Drone x2  
  21  2:00  Queen  
  23  2:05  Drone x2  
  25  2:11  Overlord  
  25  2:18  Drone  
  26  2:23  Extractor  
  26  2:26  Drone x2  
  27  2:35  Drone  
  28  2:37  Metabolic Boost  
  28  2:40  Zergling x2  
  29  2:51  Zergling x4  
  31  3:03  Drone x5  
  36  3:07  Overlord  
  36  3:16  Roach Warren  
  35  3:33  Drone x5  
  35  3:34  Drone x2  
  42  3:41  Lair  
  42  3:47  Overlord  
  41  4:08  Evolution Chamber  
  40  4:10  Evolution Chamber  
  40  4:12  Roach  
  40  4:13  Roach x5  
  51  4:24  Overlord x2  
  51  4:27  Drone  
  49  4:39  Queen  
  51  4:48  Roach x6  
  51  4:51  Glial Reconstitution  
  63  4:54  Zerg Missile Weapons Level 1  
  63  4:59  Zerg Ground Armor Level 1  
  63  5:01  Drone  
  63  5:03  Drone  
  65  5:16  Drone x2  
  65  5:18  Extractor  
  65  5:19  Drone  
  65  5:20  Extractor  
  65  5:21  Overlord x2  
  66  5:40  Roach  
  66  5:41  Roach x5  
  78  5:53  Zergling x8  
  78  5:54  Zergling x2  
  78  5:56  Overlord  
  77  6:14  Roach x3  
  77  6:15  Roach  
  83  6:24  Drone x3  
  87  6:25  Drone x2  
  87  6:26  Drone  
  89  6:42  Hatchery  
  89  6:45  Zergling x8  
  92  7:11  Hydralisk Den, Zerg Melee Weapons Level 1  
  92  7:14  Infestation Pit, Zergling x2  
  92  7:15  Zergling x2  
  92  7:16  Overlord  
  92  7:17  Overlord x2  
  91  7:35  Roach x4  
  91  7:36  Roach x5  
  109  7:41  Queen  
  111  7:52  Hydralisk x2  
  111  7:55  Muscular Augments  
  111  7:56  Zerg Ground Armor Level 2  
  115  8:08  Drone x4  
  115  8:09  Drone x2  
  121  8:13  Overlord  
  121  8:19  Hatchery  
  120  8:31  Hydralisk x4  
  120  8:33  Zergling x2  
  129  8:36  Overlord  
  129  8:39  Overlord  
  129  8:44  Overlord x2  
  129  9:02  Hydralisk x2  
  129  9:03  Hydralisk x4  
  129  9:09  Lurker Den  
  140  9:17  Zergling x8  
  140  9:18  Zergling x2  
  130  9:44  Spore Crawler  
  129  9:46  Spore Crawler  
  129  9:49  Ravager  
  129  9:54  Hydralisk  
  129  9:55  Hydralisk x5  
  142  10:00  Drone x2  
  142  10:02  Drone x2  
  145  10:07  Overseer  
  145  10:21  Drone  
  145  10:23  Drone  
  147  10:29  Extractor  
  147  10:31  Drone x3  
  147  10:32  Extractor  
  147  10:34  Drone  
  151  10:37  Drone  
  151  10:39  Drone  
  151  10:40  Drone  
  154  10:43  Drone  
  155  11:02  Hive  
  155  11:03  Hydralisk x3  
  155  11:04  Hydralisk x2  
  163  11:16  Drone x3  
  163  11:17  Drone x2  
  168  11:20  Overlord x2  
  168  11:37  Overlord x2  
  168  11:39  Overseer  
  168  11:44  Spore Crawler  
  167  12:09  Zerg Melee Weapons Level 2  
  167  12:12  Zergling x8  
  167  12:13  Zergling x8  
  175  12:20  Ultralisk Cavern  
  149  12:31  Hydralisk x3  
  149  12:32  Hydralisk x7  
  149  12:34  Zergling x4  
  129  12:47  Drone x4  
  129  12:48  Drone x2  
  108  13:03  Zergling x4  
  108  13:04  Zergling x10  
  111  13:23  Extractor  
  111  13:24  Extractor  
  111  13:25  Chitinous Plating  
  109  13:28  Ultralisk  
  115  13:34  Drone x2  
  117  13:45  Adrenal Glands  
  117  13:47  Zergling x10  
  122  13:52  Lurker x2  
  122  13:53  Lurker x2  
  122  13:54  Lurker  
  127  13:56  Lurker  
  127  13:58  Lurker  
  113  14:42  Ultralisk x3  
  113  14:43  Ultralisk  
  113  14:45  Zergling x6  
  128  14:56  Ultralisk  
  128  14:59  Overlord  
  134  15:06  Drone x2  
  137  15:07  Drone x2  
  138  15:22  Zergling x6  
  141  15:30  Zergling x2  
  141  15:31  Zergling x6  
  141  15:35  Overseer  
  145  16:15  Ultralisk x4  
  145  16:16  Hatchery, Zergling x2  
  169  16:20  Extractor  
  168  16:40  Ultralisk x2  
  168  16:41  Zergling x4  
  168  16:42  Zergling x2  
  168  16:46  Overlord  
  183  17:01  Ultralisk  
  188  17:02  Zergling x6  
  188  17:07  Zergling x8  
  195  17:21  Zergling x8  
  180  17:34  Zergling x6  
  180  17:35  Zergling x14  
  180  17:36  Zergling x2  
  164  17:53  Drone x2  
  164  17:54  Drone x6  
  164  17:55  Drone x3  
  175  18:04  Queen  
  164  18:28  Hydralisk x4  
  164  18:30  Zergling x2  
  168  18:42  Hydralisk x3  
  174  19:15  Hatchery  
  166  19:31  Hydralisk x7  
  164  19:32  Hydralisk x2  
  164  19:33  Zergling x2  
  164  19:35  Overlord  
  164  19:36  Overlord  
  164  19:37  Overlord  
  183  20:00  Hydralisk x4  
  183  20:01  Hydralisk x3  
  183  20:02  Hydralisk  
  199  21:20  Extractor  
  195  21:33  Spire  
Tags
 
Composition
LurkersMMM Bio
Matchup
TvZ
Replay Pack
First Pack
Add a new tag
Caveats
  • Supply blocks, unpowered buildings, or Contaminate may cause inaccurate times.
  • Supply counts are checked every 10 seconds.